AoeStats
← GreatPerson25

Arabia

507636472Analyzed
4v4 RM · 12d ago on Sep 19, 2026· 17m 32s· 8 players
Game mode
Random Map
Map size
Large (8 player)
Population
200
Speed
Normal
Resources
Standard
Victory
Conquest
Starting age
Dark Age
Ending age
Imperial Age
RankedLock teamsTeams togetherTeam positionsShared explorationLock speedFull tech treeHidden civsTurbo modeCheats
Victory
Defeat
🇨🇴 Turks · Colombia
1626
+8
🇨🇴 Shu · Colombia
1544
+11
🇨🇴 Spanish · Colombia
1498
+13
🇨🇴 Teutons · Colombia
1483
+13
🇧🇷 Byzantines · Brazil
1464
-12
🇺🇸 Magyars · United States
1453
-12
🇺🇸 Burmese · United States
1422
-11
🇺🇸 Bengalis · United States
1394
-10
FivePuppet6017
6:42 Loom
8:53 Feudal Age
13:45 Fletching
15:04 Padded Archer Armor
15:50 Double-Bit Axe
GAX | Gabasco
8:51 Feudal Age
7:38 Loom
9:50 Double-Bit Axe
18:15 Wheelbarrow
bobross
6:31 Loom
8:59 Feudal Age
13:47 Horse Collar
14:42 Fletching
GreatPerson25
5:59 Loom
9:20 Feudal Age
9:54 Double-Bit Axe
15:31 Fletching
15:48 Scale Barding Armor
VLC | SnowBall
6:35 Loom
8:51 Feudal Age
10:13 Double-Bit Axe
12:37 Fletching
17:38 Horse Collar
VLC | DeaH
5:44 Loom
8:52 Feudal Age
9:26 Double-Bit Axe
10:02 Horse Collar
16:24 Scale Barding Armor
VLC | _Sr Mike_
6:38 Loom
9:07 Feudal Age
9:58 Double-Bit Axe
13:33 Fletching
16:14 Padded Archer Armor
VLC | GreenIsland
8:43 Feudal Age
9:13 Double-Bit Axe
10:50 Loom
11:16 Horse Collar
17:55 Wheelbarrow
Connection lost

Rejoining the realm…

Still unreachable

The connection could not be restored.

Session expired

The server has moved on; the page needs a fresh start.